 Dungeon Crawl Stone Soup version 0.22-a0-422-g9628fc8 (webtiles) character file.

1275 theanonym the Thaumaturge (level 8, -4/52 HPs)
             Began as a Mummy Summoner on May 21, 2018.
             Was an Initiate of Vehumet.
             Slain by a hornet zombie (10 damage)
             ... in an ossuary.
             The game lasted 00:17:24 (10003 turns).

theanonym the Thaumaturge (Mummy Summoner)         Turns: 10003, Time: 00:17:25

Health: -4/52      AC:  5    Str: 12    XL:     8   Next: 28%
Magic:  1/20       EV: 11    Int: 16    God:    Vehumet [......]
Gold:   231        SH:  0    Dex: 12    Spells: 16/23 levels left

rFire    x . .     SeeInvis .   a - +0 spear
rCold    + . .     Gourm    .   (no shield)
rNeg     + + +     Faith    .   b - +0 leather armour
rPois    ∞         Spirit   .   (no helmet)
rElec    .         Reflect  .   g - +0 cloak
rCorr    .         Harm     .   (no gloves)
MR       +....                  i - +0 pair of boots
Stlth    +.........             (no amulet)
HPRegen  0.17/turn              (no ring)
MPRegen  0.17/turn              (no ring)

@: very slightly contaminated
A: no food or potions, fire vulnerability, cold resistance 1, negative energy
resistance 3, torment resistance, unbreathing
a: Renounce Religion


Innate Abilities, Weirdness & Mutations

You do not eat or drink.
Your flesh is vulnerable to fire.
You are immune to poison.
Your flesh is cold resistant. (rC+)
You are immune to negative energy. (rN+++)
You are immune to unholy pain and torment.
You can survive without breathing.


   Skills:
 - Level 1.5 Dodging
 - Level 1.5 Stealth
 + Level 8.4 Spellcasting
 - Level 5.3 Summonings
 + Level 4.4 Ice Magic


You had 16 spell levels left.
You knew the following spells:

 Your Spells              Type           Power        Failure   Level  Hunger
a - Summon Small Mammal   Summ           ###.         1%          1    N/A
b - Call Imp              Summ           ###.....     2%          2    N/A
c - Summon Ice Beast      Ice/Summ       ###.....     19%         4    N/A

Your spell library contained the following spells:

 Spells                   Type           Power        Failure   Level  Hunger
 Flame Tongue             Conj/Fire      #....        14%         1    N/A
 Call Canine Familiar     Summ           ###.....     4%          3    N/A
 Darkness                 Hex            #.........   100%        6    N/A
 Summon Lightning Spire   Summ/Air       ###.....     41%         4    N/A
 Summon Guardian Golem    Hex/Summ       ###.....     14%         3    N/A
 Dragon's Call            Summ           ###.......   100%        9    N/A
 Spellforged Servitor     Conj/Summ      ###.......   100%        7    N/A
 Yara's Violent Unravell  Hex/Tmut       #.........   98%         5    N/A

Skill      XL: |  1  2  3  4  5  6  7  8 |
---------------+-------------------------+-----
Spellcasting   | 3 4 6 7 8 |  8.4
Summonings     | 4 5 |  5.3
Ice Magic      | 2 3 4 |  4.4
Dodging        | |  1.5
Stealth        | |  1.5

Action                   |  1- 3 |  4- 6 |  7- 9 || total
-------------------------+-------+-------+-------++-------
Melee: Club              |    41 |       |       ||    41
       Unarmed           |     8 |       |       ||     8
       Spear             |    96 |   252 |   259 ||   607
 Cast: Summon Small Mamm |     9 |     8 |       ||    17
       Call Imp          |     3 |    35 |    11 ||    49
       Summon Ice Beast  |       |     2 |    20 ||    22
  Use: Scroll            |       |     9 |     2 ||    11
 Stab: Sleeping          |     6 |     1 |     1 ||     8
       Distracted        |       |     2 |       ||     2
Armor: Leather armour    |    41 |    37 |    60 ||   138
Dodge: Dodged            |    82 |   151 |   117 ||   350

Inventory:

Hand Weapons
 a - a +0 spear (weapon)
   (You found it on level 1 of the Dungeon)
 f - a +0 mace of protection
   (You took it off an orc on level 4 of the Dungeon)
Armour
 b - a +0 leather armour (worn)
   (You found it on level 1 of the Dungeon)
 g - a +0 cloak (worn)
   (You took it off Crazy Yiuf on level 5 of the Dungeon)
 i - a +0 pair of boots (worn)
   (You found it on level 2 of the Dungeon)
 m - a +1 animal skin
   (You found it on level 4 of the Dungeon)
Magical Staves
 d - an uncursed staff of conjuration
   (You found it on level 3 of the Dungeon)
Wands
 c - a wand of polymorph (13)
   (You found it on level 5 of the Dungeon)
Scrolls
 k - 2 scrolls of immolation
 n - 3 scrolls of remove curse
 r - a scroll of identify
 t - 3 scrolls of teleportation {!r}
 y - 2 scrolls of magic mapping
 B - a scroll of blinking You were in an ossuary. You worshipped Vehumet. Vehumet was noncommittal. You were not hungry. You visited 2 branches of the dungeon, and saw 8 of its levels. You also visited: Ossuary. You collected 297 gold pieces. You spent 66 gold pieces at shops.

Dungeon Overview and Level Annotations

Branches:
Dungeon (7/15)             Temple (1/1) D:5

Altars:
Cheibriados
Dithmenos
Fedhas
Kikubaaqudgha
Nemelex Xobeh
Qazlal
Ru
Sif Muna
Trog
Uskayaw
Vehumet
Wu Jian
Xom
Yredelemnul
Zin
The Shining One

Shops:
D:5 }}* D:6

( #+# +..
#.#####
+.#...#
###.'.Z.#
#.'.#.Z@#
###.#####
#.'.'
###.##
'.# #.+
'.# #.#
+..


You could see a wyvern zombie and a hornet zombie.

Notes
Turn   | Place    | Note
-------+----------+-------------------------------------------
     0 | D:1      | theanonym the Mummy Summoner began the quest for the Orb.
     0 | D:1      | Reached XP level 1. HP: 13/13 MP: 4/4
   206 | D:1      | HP: 5/13 [hobgoblin (5)]
   663 | D:1      | Reached skill level 3 in Spellcasting
   669 | D:1      | Reached XP level 2. HP: 19/19 MP: 6/6
   989 | D:1      | Reached XP level 3. HP: 20/24 MP: 7/7
  1030 | D:1      | HP: 11/24 [kobold (2)]
  1623 | D:2      | Learned a level 2 spell: Call Imp
  1762 | D:2      | Found a glowing golden altar of the Shining One.
  1765 | D:2      | Reached skill level 4 in Summonings
  1810 | D:2      | HP: 12/24 [adder (3)]
  2093 | D:2      | Reached XP level 4. HP: 27/30 MP: 6/9
  2787 | D:3      | Reached skill level 4 in Spellcasting
  2885 | D:3      | Found a stormy altar of Qazlal.
  3159 | D:3      | You fall through a shaft!
  3159 | D:4      | Found a bloodstained altar of Trog.
  3345 | D:4      | Learned a level 4 spell: Summon Ice Beast
  3365 | D:4      | Noticed an ogre
  3371 | D:4      | Killed an ogre
  3371 | D:4      | Reached XP level 5. HP: 35/35 MP: 4/11
  3434 | D:4      | Noticed a hippogriff
  3447 | D:4      | Killed a hippogriff
  3447 | D:4      | Reached skill level 5 in Summonings
  3447 | D:4      | Reached XP level 6. HP: 33/41 MP: 7/13
  3563 | D:4      | HP: 18/41 [worker ant (6)]
  3566 | D:4      | HP: 7/41 [worker ant (2)]
  3575 | D:4      | HP: 6/41 [worker ant (2)]
  3576 | D:4      | HP: 1/41 [worker ant (5)]
  3581 | D:4      | Reached skill level 5 in Spellcasting
  3933 | D:3      | HP: 17/41 [centaur skeleton (7)]
  4402 | D:3      | Found a hide-covered altar of Uskayaw.
  4568 | D:4      | Reached skill level 1 in Ice Magic
  5264 | D:5      | Entered Level 5 of the Dungeon
  5355 | D:5      | Found Huehok's General Store.
  5367 | D:5      | Bought 2 scrolls of teleportation for 66 gold pieces
  5613 | D:5      | HP: 19/41 [something/puff of flame (13)]
  5616 | D:5      | HP: 2/41 [something/puff of flame (10)]
  5941 | D:4      | Reached skill level 2 in Ice Magic
  6022 | D:5      | Identified the Collected Works on Companions and the Volcanoes
  6119 | D:5      | Reached skill level 6 in Spellcasting
  6134 | D:5      | Found Meoff's Gadget Boutique.
  6140 | D:5      | Reached XP level 7. HP: 39/46 MP: 10/16
  6216 | D:5      | HP: 22/46 [acid (12)]
  6235 | D:5      | HP: 12/46 [ice beast (3)]
  6521 | D:5      | Found a runed door.
  6554 | D:5      | Found Ifafig's Gadget Shoppe.
  6570 | D:5      | Identified the Disquisition on Creative Curses
  6721 | D:5      | Found a staircase to the Ecumenical Temple.
  6752 | Temple   | Entered the Ecumenical Temple
  6775 | Temple   | Became a worshipper of Vehumet
  6908 | D:5      | Noticed Crazy Yiuf
  6920 | D:5      | Killed Crazy Yiuf
  7152 | D:6      | Found a snail-covered altar of Cheibriados.
  7215 | D:6      | HP: 23/46 [centaur skeleton (7)]
  7395 | D:6      | HP: 23/46 [killer bee zombie (4)]
  7636 | D:6      | HP: 20/46 [water moccasin (4)]
  7641 | D:6      | Reached skill level 7 in Spellcasting
  7641 | D:6      | Reached skill level 3 in Ice Magic
  7891 | D:6      | HP: 20/46 [wyvern skeleton (10)]
  7895 | D:6      | HP: 3/46 [wyvern skeleton (9)]
  8808 | D:6      | Reached XP level 8. HP: 31/52 MP: 15/19
  9011 | D:6      | Found Fiypp's Antique Weapon Emporium.
  9146 | D:6      | HP: 24/52 [bullfrog (5)]
  9147 | D:6      | Reached skill level 8 in Spellcasting
  9147 | D:6      | Reached skill level 4 in Ice Magic
  9444 | D:6      | HP: 26/52 [scorpion (6)]
  9596 | D:6      | Found a sacrificial altar of Ru.
  9597 | D:6      | Found a deep blue altar of Sif Muna.
  9598 | D:6      | Found a shimmering altar of Xom.
  9599 | D:6      | Found an ancient bone altar of Kikubaaqudgha.
  9682 | D:7      | HP: 23/52 [elf skeleton (6)]
  9692 | D:7      | HP: 20/52 [elf skeleton (5)]
  9883 | D:7      | Found a sand-covered staircase.
  9926 | Ossuary  | Entered an ossuary
  9999 | Ossuary  | HP: 20/52 [wyvern zombie (11)]
 10002 | Ossuary  | HP: 6/52 [wyvern zombie (13)]
 10003 | Ossuary  | Slain by a hornet zombie

Vanquished Creatures
  An elf skeleton (D:7)
  A bullfrog (D:6)
  A bullfrog zombie (Ossuary)
  A bullfrog skeleton (D:6)
  2 centaur skeletons (D:6)
  A hound (D:4)
  An orc wizard (D:4)
  A worker ant (D:6)
  A gnoll (D:5)
  9 adders
  An ooze (D:1)
  An adder skeleton (D:6)
  A worm (D:3)
  A dart slug (D:1)
  A leopard gecko (D:3)
  8 orcs
  6 bats
  2 giant cockroaches
  6 goblins
  6 hobgoblins
  3 jackals (D:5)
  3 quokkas
  A ball python (D:1)
  A frilled lizard (D:2)
  A jackal skeleton (D:6)
  5 kobolds
  An orc skeleton (D:7)
  7 rats
74 creatures vanquished.

Vanquished Creatures (collateral kills)
  A hippogriff (D:4)
  A water moccasin (D:6)
  2 ice beasts
  An ogre (D:4)
  A wyvern skeleton (D:6)
  2 scorpions
  A jelly (D:5)
  3 orc priests
  Crazy Yiuf (D:5)
  A gnoll shaman (D:5)
  An orc wizard (D:6)
  A bullfrog skeleton (D:5)
  2 centaur skeletons
  3 worker ants
  A killer bee zombie (D:6)
  6 mummies (Ossuary)
  A howler monkey skeleton (D:6)
  A worker ant zombie (Ossuary)
  7 adders
  4 gnolls (D:5)
  An adder skeleton (D:4)
  2 worms
  A leopard gecko (D:2)
  3 orcs
  A giant cockroach (D:5)
  A hobgoblin (D:1)
  2 kobolds (D:1)
  A quokka (D:4)
  A frilled lizard (D:4)
  A jackal zombie (Ossuary)
55 creatures vanquished.

Vanquished Creatures (others)
  A withered plant (Ossuary)
1 creature vanquished.

Grand Total: 130 creatures vanquished

Table legend:
 A = Turns spent in this place as a percentage of turns spent in the entire game.
 B = Non-inter-level travel turns spent in this place as a percentage of non-inter-level travel turns spent in the entire game.
 C = Inter-level travel turns spent in this place as a percentage of turns spent in this place.
 D = Turns resting spent in this place as a percentage of non-inter-level travel turns spent in this place.
 E = Turns spent auto-exploring this place as a percentage of non-inter-level travel turns spent in this place.
 F = Non-inter-level travel turns spent in this place divided by the number of levels of this place that you've seen.
                   A       B       C       D       E      F
               +-------+-------+-------+-------+-------+----------------------
         Total | 100.0 | 100.0 |   3.7 |  48.6 |  36.0 | 1070.3
       Dungeon |  98.8 |  98.9 |   3.6 |  49.1 |  36.2 | 1361.6
        Temple |   0.4 |   0.3 |  40.5 |   0.0 |  60.0 |  25.0
       Ossuary |   0.8 |   0.8 |   0.0 |   0.0 |   3.9 |  77.0
               +-------+-------+-------+-------+-------+----------------------
